Map: [ESL] Hecate

Players

trigger

  • Race: Protoss Protoss
  • Spawn Location: 7:00

HeroMarine - Winner!

  • Race: Terran Terran
  • Spawn Location: 1:00

Event: IEM Katowice 2024

VOD

Have the link to the VOD?

Description

Time

  • Played on: Feb. 10, 2024, 5:25 a.m.
  • Length: 8:47

All games in this series

Show
View Real Time Build Order
Export as new Build Order

trigger Protoss 

Build Orders: 1 Gate Expand, Blink Stalkers 

Get SALT Encoding   

  12  0:00  Probe  
  13  0:12  Probe  
  14  0:17  Pylon  
  14  0:24  Probe (Chrono Boost)  
  16  0:36  Gateway, Probe (Chrono Boost)  
  16  0:43  Probe (Chrono Boost)  
  16  0:46  Assimilator  
  17  0:50  Probe  
  18  1:03  Probe  
  19  1:15  Probe  
  20  1:23  Cybernetics Core  
  20  1:31  Nexus  
  20  1:34  Probe  
  21  1:41  Pylon  
  21  1:47  Assimilator  
  21  1:49  Probe  
  22  1:56  Adept (Chrono Boost)  
  22  2:00  Warp Gate  
  24  2:01  Probe  
  25  2:14  Probe  
  26  2:16  Adept (Chrono Boost)  
  28  2:26  Probe  
  29  2:32  Twilight Council  
  29  2:38  Probe  
  29  2:45  Probe  
  29  2:50  Probe  
  31  2:52  Stalker  
  31  2:57  Probe  
  34  3:01  Gateway  
  34  3:03  Probe  
  35  3:05  Blink (Chrono Boost)  
  35  3:09  Probe  
  34  3:16  Probe  
  35  3:21  Probe  
  36  3:28  Probe  
  36  3:29  Robotics Facility  
  36  3:33  Probe  
  38  3:40  Probe  
  37  3:46  Probe  
  38  3:48  Gateway  
  38  3:50  Gateway  
  38  3:53  Probe  
  38  3:55  Stalker  
  41  3:58  Stalker  
  41  4:02  Pylon  
  43  4:09  Probe  
  43  4:13  Probe  
  43  4:15  Warp Prism (Chrono Boost)  
  43  4:22  Probe  
  46  4:27  Probe  
  46  4:28  Pylon  
  47  4:41  Assimilator  
  47  4:42  Stalker x2  
  47  4:43  Stalker  
  47  4:44  Probe  
  54  4:47  Stalker  
  54  4:51  Probe  
  57  5:00  Pylon  
  57  5:05  Probe  
  58  5:10  Stalker x2  
  62  5:16  Stalker  
  62  5:18  Probe  
  63  5:23  Probe  
  64  5:36  Pylon  
  64  5:40  Stalker x3  
  70  5:46  Nexus  
  70  5:59  Pylon  
  70  6:00  Forge  
  68  6:05  Probe x2  
  68  6:06  Charge (Chrono Boost)  
  68  6:09  Gateway  
  68  6:11  Gateway  
  70  6:17  Probe x2  
  70  6:29  Probe x2 (Chrono Boost)  
  70  6:31  Robotics Bay  
  70  6:32  Pylon  
  72  6:35  Zealot x4  
  72  6:38  Protoss Ground Weapons Level 1  
  72  6:39  Probe x2 (Chrono Boost)  
  82  6:43  Probe (Chrono Boost)  
  81  7:00  Probe (Chrono Boost)  
  81  7:03  Probe (Chrono Boost)  
  81  7:04  Sentry x2  
  81  7:05  Probe (Chrono Boost)  
  87  7:09  Shield Battery, Probe (Chrono Boost)  
  88  7:18  Probe x2 (Chrono Boost)  
  90  7:24  Probe (Chrono Boost)  
  90  7:25  Probe (Chrono Boost)  
  90  7:26  Colossus (Chrono Boost)  
  90  7:28  Gateway  
  95  7:30  Probe, Pylon  
  96  7:41  Zealot x6  
  106  7:47  Shield Battery  
  106  7:48  Shield Battery  
  86  8:04  Zealot x4  
  85  8:06  Zealot  
  92  8:17  Pylon  
  92  8:19  Pylon  
  85  8:28  Zealot x2  
  85  8:33  Zealot  
  84  8:36  Zealot x3  
Show
View Real Time Build Order
Export as new Build Order

HeroMarine Terran - Winner!

Build Orders: 1/1/1, Cyclone Opening 

Get SALT Encoding   

  12  0:00  SCV  
  13  0:12  SCV  
  14  0:17  Supply Depot  
  14  0:24  SCV  
  15  0:38  SCV  
  15  0:39  Barracks  
  15  0:42  Refinery  
  16  0:50  SCV  
  16  0:52  Refinery  
  17  1:02  SCV  
  18  1:14  SCV  
  19  1:26  Reaper  
  19  1:27  Orbital Command  
  20  1:40  Factory  
  20  1:49  Supply Depot  
  20  1:52  SCV  
  21  2:05  SCV  
  22  2:11  Command Center  
  22  2:17  SCV  
  23  2:24  Starport  
  23  2:29  Widow Mine  
  25  2:31  SCV  
  25  2:33  Barracks Reactor  
  26  2:43  SCV  
  27  2:48  Supply Depot  
  27  2:50  Cyclone  
  28  2:55  SCV  
  29  3:00  Medivac  
  31  3:10  SCV, Marine x2  
  34  3:22  SCV  
  34  3:24  Cyclone  
  37  3:27  Marine  
  37  3:28  Marine  
  40  3:34  SCV  
  40  3:38  Starport Tech Lab  
  40  3:39  Orbital Command  
  40  3:45  Marine x2  
  40  3:46  SCV  
  43  3:48  Barracks  
  43  3:56  Raven  
  43  3:58  SCV  
  46  4:03  Factory Tech Lab, Marine x2  
  48  4:13  SCV x2  
  48  4:19  Supply Depot  
  48  4:21  Siege Tank  
  51  4:25  SCV x2  
  51  4:28  Barracks  
  53  4:31  Bunker  
  53  4:33  Marine  
  54  4:40  Marine  
  54  4:41  SCV x2  
  57  4:46  Supply Depot  
  57  4:48  Marine  
  57  4:51  Marine  
  59  4:53  SCV x2  
  61  5:00  Stimpack  
  61  5:01  Supply Depot  
  61  5:03  Marine  
  62  5:07  Siege Tank, Marauder, SCV x2  
  62  5:12  Marine, Engineering Bay  
  70  5:19  SCV  
  70  5:20  SCV  
  72  5:21  Marine  
  72  5:23  Refinery  
  72  5:25  Refinery  
  72  5:29  Marauder  
  72  5:30  Marine  
  72  5:31  SCV  
  72  5:32  SCV  
  77  5:39  Marine  
  77  5:43  SCV  
  77  5:44  Barracks Tech Lab, SCV  
  77  5:45  Siege Tank  
  77  5:48  Marine  
  83  5:50  Marine  
  83  5:56  Terran Infantry Weapons Level 1, SCV  
  83  5:57  Marine  
  85  5:59  Supply Depot  
  85  6:01  Supply Depot  
  86  6:06  Starport Reactor  
  86  6:11  Combat Shield, Marine  
  86  6:14  Supply Depot  
  86  6:20  SCV x2, Marine  
  86  6:21  Supply Depot, Marauder x2  
  92  6:29  Marine  
  93  6:37  Missile Turret, Supply Depot  
  93  6:38  Siege Tank, Marine  
  97  6:42  Marauder x2  
  97  6:47  Marine  
  101  6:51  Medivac x2  
  101  6:53  Concussive Shells  
  106  6:55  Supply Depot  
  106  6:56  Marine  
  106  7:01  SCV x2  
  109  7:03  Marauder x2  
  109  7:04  Marine  
  114  7:13  Marine  
  114  7:17  Factory Reactor  
  114  7:22  Command Center, Marine  
  114  7:23  SCV x2  
  114  7:25  Marauder x2  
  114  7:28  Viking, Medivac  
  125  7:31  Marine  
  124  7:40  Marine  
  120  7:46  Marauder x2  
  120  7:49  Marine  
  120  7:58  Marine  
  121  8:07  Marauder x2, Marine  
  126  8:16  Marine  
  125  8:24  SCV  
  125  8:25  Marine, SCV  

Tags
 
Add a new tag
Caveats
  • Supply blocks, unpowered buildings, or Contaminate may cause inaccurate times.
  • Supply counts are checked every 10 seconds.